 Dungeon Crawl Stone Soup version 0.28.0-53-g5a82cb258f (webtiles) character file.

Game seed: 15136867497396433855

37 Descartes the Covert (level 3, 0/17 HPs)
             Began as a Felid Delver on Aug 3, 2022.
             Slain by a scorpion (4 damage)
             ... on level 5 of the Dungeon.
             The game lasted 00:00:43 (51 turns).

Descartes the Covert (Felid Delver)                   Turns: 51, Time: 00:00:44

Health: 0/17       AC:  1    Str: 10    XL:     3   Next: 21%
Magic:  4/4        EV: 17    Int: 11    God:
Gold:   0          SH:  0    Dex: 17    Spells: 2/2 levels left
                                        Lives:  0   Deaths: 1

rFire   . . .      SeeInvis +     - Unarmed
rCold   . . .      Faith    .   (shield unavailable)
rNeg    . . .      Spirit   .   (armour unavailable)
rPois   .          Reflect  .   (helmet unavailable)
rElec   .          Harm     .   (cloak unavailable)
rCorr   .          Rampage  .   (gloves unavailable)
Will    .....                   (boots unavailable)
Stlth   ++++......              (no amulet)
HPRegen 0.05/turn               (no ring)
MPRegen 0.09/turn               (no ring)

@: quick
A: very small, claws 1, fangs 3, see invisible, speed 1, shaggy fur 1, stealthy
paws, no weapons or thrown items, no armour, multi-lived
a: no special abilities


You were on level 5 of the Dungeon.
You visited 1 branch of the dungeon, and saw 1 of its levels.

Inventory:

Wands
 e - a wand of digging (3)
 f - a wand of paralysis (13)
Scrolls
 a - a scroll of fog
 b - a scroll of magic mapping
 c - a scroll of fear
 g - a scroll of identify {unknown}


   Skills:
 - Level 3.0 Fighting
 - Level 2.6 Dodging
 + Level 8.9 Stealth
 - Level 2.0 Unarmed Combat


You had 2 spell levels left.
You didn't know any spells.
Your spell library was empty.

Dungeon Overview and Level Annotations

Branches:
Dungeon (5/15)
 Temple: D:4-7

Altars:


Innate Abilities, Weirdness & Mutations

You have sharp claws.
You have razor-sharp teeth.
You have supernaturally acute eyesight. (SInv)
You cover ground quickly. (Speed+)
You are covered in fur. (AC +1)
Your paws help you pounce on unaware monsters.
You are incapable of wielding weapons or throwing items.
You cannot wear armour.
You gain extra lives every three experience levels.


Message History

The scorpion is heavily wounded.
* * * LOW HITPOINT WARNING * * *
You feel sick.
You scratch the scorpion. Your bite misses the scorpion.
The scorpion is severely wounded.
* * * LOW HITPOINT WARNING * * *
You feel sick. The scorpion stings you.
You die...
You are more poisoned.
The scorpion poisons you!
You are now level 3!
You rejoin the land of the living...
No target in view!
You barely miss the scorpion.
The scorpion is severely wounded.
The scorpion stings you.
You closely miss the scorpion.
The scorpion is severely wounded.
The scorpion stings you.
You scratch the scorpion but do no damage.
The scorpion is severely wounded.
The scorpion barely misses you.
You completely miss the scorpion.
The scorpion is severely wounded.
The scorpion closely misses you.
You barely miss the scorpion.
The scorpion is heavily wounded.
The scorpion stings you. The scorpion barely misses you.
You closely miss the scorpion.
The scorpion is heavily wounded.
The scorpion stings you.
* * * LOW HITPOINT WARNING * * *
You barely miss the scorpion.
The scorpion is heavily wounded.
The scorpion closely misses you.
You scratch the scorpion but do no damage.
You bite the scorpion, but do no damage.
The scorpion is heavily wounded.
The scorpion stings you.
You die...

...............#####....#
......................$.########
.........#..............(.!.....
...............................#
....>....# ....................
.........# #................###
...##.)..# #.###....†.........#
..# #....###.###.<............#
.. #...........@s............# .
#...........#.......).....#
##..........#......########
.............#......#
...#..........#........
....#..........#......... ...
#..........#####...... ...
#........... #......
#............


You could see a scorpion.

Vanquished Creatures
  A centaur (D:5)
1 creature vanquished.

Notes
Turn   | Place    | Note
-------+----------+-------------------------------------------
     0 | D:5      | Descartes the Felid Delver began the quest for the Orb.
     0 | D:5      | Reached XP level 1. HP: 10/10 MP: 2/2
    17 | D:5      | Noticed a centaur
    24 | D:5      | Killed a centaur
    25 | D:5      | Reached skill level 8 in Stealth
    25 | D:5      | Reached XP level 2. HP: 14/14 MP: 3/3
    25 | D:5      | Reached XP level 3. HP: 17/17 MP: 4/4
    25 | D:5      | Reached XP level 4. HP: 21/21 MP: 5/5
    26 | D:5      | Noticed a scorpion
    39 | D:5      | HP: 1/21 [poisoned by a scorpion]
    39 | D:5      | Slain by a scorpion
    40 | D:5      | Reached XP level 3. HP: -1/17 MP: 4/4
    51 | D:5      | Slain by a scorpion

Illustrated notes

Levels and vault maps discovered:
D:5:      layout_basic, minmay_temple_entry_butterflies, dk_vineyard_2,
          uniq_eustachio

Skill      XL: |  1 |
---------------+----+-----
Stealth        | 8 |  8.9
Fighting       | |  3.0
Dodging        | |  2.6
Unarmed Combat | |  2.0

Action                   |  1- 3 |  4- 6 || total
-------------------------+-------+-------++-------
Melee: Unarmed           |     9 |     6 ||    15
       Bite              |     1 |       ||     1
  Use: Potion            |       |     1 ||     1
 Stab: Sleeping          |     1 |       ||     1
Dodge: Dodged            |     4 |     4 ||     8
